 Dungeon Crawl Stone Soup version 0.28-a0-224-g76b539d98b (webtiles) character file.

Game seed: 16505913169838030808

45 timneilson the Shield-Bearer (level 3, -2/23 HPs)
             Began as a Gargoyle Fighter on Aug 21, 2021.
             Slain by Terence (5 damage)
             ... on level 2 of the Dungeon.
             The game lasted 00:01:47 (1433 turns).

timneilson the Shield-Bearer (Gargoyle Fighter)     Turns: 1433, Time: 00:01:48

Health: -2/23      AC: 11    Str: 20    XL:     3   Next: 64%
Magic:  3/3        EV:  7    Int:  8    God:
Gold:   74         SH:  8    Dex:  9    Spells: 2/2 levels left

rFire   . . .      SeeInvis .   a - +0 long sword
rCold   . . .      Faith    .   c - +0 kite shield
rNeg    + . .      Spirit   .   b - +0 scale mail
rPois   ∞          Reflect  .   (no helmet)
rElec   +          Harm     .   (no cloak)
rCorr   .          Rampage  .   f - +0 pair of gloves
Will    .....                   (no boots)
Stlth   ..........              (no amulet)
HPRegen 0.07/turn               (no ring)
MPRegen 0.08/turn               (no ring)

@: mighty
A: sickness immunity, AC +3, negative energy resistance 1, electricity
resistance, torment resistance 1, petrification resistance
a: no special abilities


You were on level 2 of the Dungeon.
You visited 1 branch of the dungeon, and saw 2 of its levels.

You collected 74 gold pieces.

Inventory:

Hand Weapons
 a - a +0 long sword (weapon)
Armour
 b - a +0 scale mail (worn)
 c - a +0 kite shield (worn)
 f - a +0 pair of gloves (worn)
Scrolls
 e - a scroll of teleportation
 g - a scroll of vulnerability {unknown}
Potions
 h - a potion of invisibility
 i - a potion of mutation {unknown}
 j - a potion of brilliance {unknown}


   Skills:
 + Level 3.5 Fighting
 * Level 2.5 Long Blades
 * Level 3.7 Armour
 * Level 3.9 Shields


You had 2 spell levels left.
You didn't know any spells.
Your spell library contained the following spells:

 Spells                   Type           Power      Damage    Failure   Level
 Slow                     Hex            0%         N/A       100%        2
 Confusing Touch          Hex            0%         N/A       100%        3
 Yara's Violent Unravell  Hex/Tmut       0%         3d3       100%        5


Dungeon Overview and Level Annotations

Branches:
Dungeon (2/15)

Altars:

Annotations:
D:2 Terence


Innate Abilities, Weirdness & Mutations

You are immune to sickness and miasma.
Your stone body is resilient. (AC +3)
You are immune to poison.
You resist negative energy. (rN+)
You are resistant to electric shocks. (rElec)
You are resistant to unholy torment.
You are immune to petrification.


Message History

The hobgoblin hits you but does no damage.
Unknown command.
Terence hits you with a +2 mace of protection.
You hit the hobgoblin but do no damage.
The hobgoblin hits you but does no damage.
You barely miss the hobgoblin. The hobgoblin barely misses you.
Terence says, "Time to say good-bye..."
The hobgoblin hits you but does no damage.
You feel very mighty all of a sudden. You block the hobgoblin's attack.
You barely miss the hobgoblin. The hobgoblin closely misses you.
You riposte.
You closely miss the hobgoblin.
The hobgoblin hits you but does no damage.
You closely miss the hobgoblin. You block the hobgoblin's attack.
You slash the hobgoblin!
You kill the hobgoblin!
You barely miss Terence. You block Terence's attack. Terence barely misses you.
You slash Terence!
Terence is heavily wounded.
Terence hits you with a +2 mace of protection.
Your shield and scale mail prevent you from hitting Terence.
Terence is heavily wounded.
Terence hits you with a +2 mace of protection.
* * * LOW HITPOINT WARNING * * *
Terence hits you but does no damage.
You closely miss Terence.
Terence is heavily wounded.
You block Terence's attack.
You hit Terence but do no damage.
Terence is heavily wounded.
You block Terence's attack.
Terence hits you with a +2 mace of protection.
* * * LOW HITPOINT WARNING * * *
You closely miss Terence.
Terence is heavily wounded.
You block Terence's attack.
You slash Terence!
Terence is almost dead.
Terence hits you with a +2 mace of protection.
You die...

#### .. #######... #.#
#.......## #.# ###.......# #.#
#........## . #.# #####.#......#
##. #.###.....#......# #..
#.##..########..## ##.# ##.@@.##
##.....# .#####..####..####
##....#### # ................#
#...)#...###
#.$............#####.........##
#.[...$....###................#
#............#..##............#
...##########..................#
. #.....(...........##
.##.....#.......###


You could see Terence.

Vanquished Creatures
  An adder (D:2)
  4 bats (D:1)
  3 endoplasms
  A giant cockroach (D:1)
  6 goblins
  6 hobgoblins
  2 quokkas (D:1)
  3 ball pythons (D:1)
  2 frilled lizards
  2 kobolds (D:1)
  5 rats (D:1)
35 creatures vanquished.

Notes
Turn   | Place    | Note
-------+----------+-------------------------------------------
     0 | D:1      | timneilson the Gargoyle Fighter began the quest for the
                  | Orb.
     0 | D:1      | Reached XP level 1. HP: 14/14 MP: 1/1
   266 | D:1      | Reached XP level 2. HP: 19/19 MP: 2/2
   931 | D:1      | Reached XP level 3. HP: 23/23 MP: 3/3
  1404 | D:2      | Noticed Terence
  1433 | D:2      | Slain by Terence

Illustrated notes

Levels and vault maps discovered:
D:1:      psy_arrival_statuary, layout_basic, kennysheep_small_spiral,
          nrook_mini_vaults, minmay_box_of_dots
D:2:      layout_rooms, uniq_terence

Skill      XL: |  1 |
---------------+----+-----
Long Blades    | 2 |  2.5
Fighting       | |  3.5
Armour         | |  3.7
Shields        | |  3.9

Action                   || total
-------------------------++-------
Melee: Long sword        ||    91
  Use: Scroll            ||     4
       Potion            ||     1
Armor: Scale mail        ||    54
Dodge: Dodged            ||    36
Block: Kite shield       ||    39
       Rpst.: Long sword ||    14

Table legend: (Time is in decaauts)
 A = Elapsed time spent in this place.
 B = Non-inter-level travel time spent in this place.
 C = Inter-level travel time spent in this place.
 D = Time resting spent in this place.
 E = Time spent auto-exploring this place.
 F = Levels seen in this place.
 G = Mean time per level.
                   A        B        C        D        E       F      G
               +--------+--------+--------+--------+--------+-----+--------+
         Total |   1480 |   1480 |      0 |      0 |   1203 |   2 |  740.0 |
       Dungeon |   1480 |   1480 |      0 |      0 |   1203 |   2 |  740.0 |
               +--------+--------+--------+--------+--------+-----+--------+

Top non-repeatable levels by time:
     D:1: 1204 daAuts
     D:2: 276 daAuts
